 Dungeon Crawl Stone Soup version 0.29.0-11-gd7f09526c8 (console) character file.

Game seed: 14309272976961326538

87 beardedkeet the Chopper (level 4, 0/40 HPs)
             Began as a Hill Orc Fighter on Sept 6, 2022.
             Slain by a gnoll
             ... wielding a +0 spear
              (3 damage)
             ... on level 3 of the Dungeon.
             The game lasted 00:08:11 (1573 turns).

beardedkeet the Chopper (Hill Orc Fighter)          Turns: 1573, Time: 00:08:12

Health: 0/40       AC:  8    Str: 20    XL:     4   Next: 51%
Magic:  4/4        EV: 24    Int:  8    God:
Gold:   75         SH:  4    Dex: 10    Spells: 3/3 levels left

rFire   . . .      SeeInvis .   a - +0 war axe (flame)
rCold   . . .      Faith    .   c - +0 buckler
rNeg    . . .      Spirit   .   b - +0 scale mail
rPois   .          Reflect  .   (no helmet)
rElec   .          Harm     .   (no cloak)
rCorr   .          Rampage  .   e - +0 pair of gloves
Will    .....                   (no boots)
Stlth   ..........              f - amulet of the acrobat
HPRegen 0.13/turn               (no ring)
MPRegen 0.09/turn               (no ring)

@: mighty, acrobatic, slowed, very slow
A: no striking features
a: no special abilities


You were on level 3 of the Dungeon.
You visited 1 branch of the dungeon, and saw 3 of its levels.

You collected 75 gold pieces.

Inventory:

Hand Weapons
 a - a +0 war axe of flaming (weapon)
Missiles
 h - 6 javelins (quivered)
Armour
 b - a +0 scale mail (worn)
 c - a +0 buckler (worn)
 e - a +0 pair of gloves (worn)
Jewellery
 f - an amulet of the acrobat (around neck)
Scrolls
 i - a scroll of fear
Potions
 d - a potion of might
 g - a potion of berserk rage {unknown}
 j - a potion of mutation {unknown}
 k - a potion of curing {unknown}


   Skills:
 - Level 3.6 Fighting
 + Level 6.0 Axes
 - Level 3.3 Armour
 - Level 3.3 Shields


You had 3 spell levels left.
You didn't know any spells.
Your spell library contained the following spells:

 Spells                   Type           Power      Damage    Failure   Level
 Ensorcelled Hibernation  Hex/Ice        0%         N/A       94%         2
 Passwall                 Tmut/Erth      0%         N/A       94%         2
 Static Discharge         Conj/Air       0%         3-3/arc   94%         2
 Swiftness                Air            0%         N/A       99%         3
 Dispel Undead            Necr           0%         3d6       100%        4
 Sticky Flame             Conj/Fire      0%         2d3       100%        4


Dungeon Overview and Level Annotations

Branches:
Dungeon (3/15)

Altars:
Xom


Message History

You kill Natasha!
Natasha growls in agony!
The white imp disappears in a puff of smoke!
You slash the worm! You burn the worm.
You kill the worm!
The kobold barely misses you.
You have reached level 4!
You slash the kobold! You burn the kobold.
You kill the kobold!
The gnoll hits you but does no damage. The gnoll barely misses you.
The gnoll hits you but does no damage.
You hit the gnoll. You burn the gnoll.
The gnoll is heavily wounded.
The gnoll barely misses you.
The gnoll hits you from afar with a +0 spear.
* * * LOW HITPOINT WARNING * * *
The gnoll barely misses you. The gnoll attacks as you move away!
You block the gnoll's attack. The gnoll closely misses you.
The gnoll completely misses you. You block the gnoll's attack.
The gnoll completely misses you.
Press: ? - help, v - describe, . - travel
Here: a gnoll, wielding a +0 flail The floor.
You are too injured to fight recklessly!
You slash the gnoll! You burn the gnoll.
You kill the gnoll!
The gnoll hits you with a +0 flail.
* * * LOW HITPOINT WARNING * * *
Your Axes skill increases to level 6!
The gnoll attacks as you move away! The gnoll hits you with a +0 flail.
* * * LOW HITPOINT WARNING * * *
The gnoll barely misses you.
Things that are here:
a +0 club; a gnoll corpse A gnoll comes into view.
It is wielding a +1 halberd of protection.
The gnoll shouts!
You hear a shout!
A gnoll comes into view. It is wielding a +0 spear.
The gnoll shouts!
The gnoll completely misses you.
The gnoll hits you from afar with a +0 spear.
You die...

#...>.. ........ .
##.....##.#
#.......#...##.
#........ .....
#.....g.##...#
#...g.....[#
#!...!<..# #
#.....#†##.##
###..........##
#....#.@.......
####....g.#.##.##.
###....##.g##....#
.##...#......#
..###
.......)###.## #.#
........##..# ..
.........).## .##
.........### .#
........##
.##....## #..##


You could see 4 gnolls.

Vanquished Creatures
  Natasha (D:3)
  2 gnolls (D:3)
  An adder (D:2)
  A worm (D:3)
  A dart slug (D:3)
  4 bats
  4 endoplasms
  A goblin (D:1)
  A hobgoblin (D:1)
  5 quokkas (D:2)
  3 ball pythons
  3 frilled lizards
  4 kobolds
  A rat (D:2)
32 creatures vanquished.

Vanquished Creatures (others)
  49 plants (D:2)
49 creatures vanquished.

Grand Total: 81 creatures vanquished

Notes
Turn   | Place    | Note
-------+----------+-------------------------------------------
     0 | D:1      | beardedkeet the Hill Orc Fighter began the quest for the
                  | Orb.
     0 | D:1      | Reached XP level 1. HP: 19/19 MP: 1/1
   108 | D:1      | Reached skill level 3 in Axes
   214 | D:1      | Found a faded altar of an unknown god.
   242 | D:1      | Reached XP level 2. HP: 25/27 MP: 2/2
   877 | D:2      | Reached skill level 4 in Axes
  1116 | D:2      | Reached XP level 3. HP: 33/33 MP: 3/3
  1128 | D:2      | Found a shimmering altar of Xom.
  1546 | D:3      | Noticed Natasha
  1552 | D:3      | Reached skill level 5 in Axes
  1561 | D:3      | Killed Natasha
  1562 | D:3      | Reached XP level 4. HP: 11/40 MP: 4/4
  1568 | D:3      | Reached skill level 6 in Axes
  1568 | D:3      | HP: 2/40 [gnoll/+0 flail (4)]
  1573 | D:3      | Slain by a gnoll

Illustrated notes

Levels and vault maps discovered:
D:1:      nagdon_arrival_double_spiral, layout_rooms,
          hellmonk_ecumenical_altar_heavens_door
D:2:      wad_woods_stonehenge, layout_basic, kennysheep_generic_room_16
D:3:      layout_rooms, uniq_natasha

Skill      XL: |  1  2  3  4 |
---------------+-------------+-----
Axes           | 3 4 5 6 |  6.0
Fighting       | |  3.6
Armour         | |  3.3
Shields        | |  3.3

Action                   |  1- 3 |  4- 6 || total
-------------------------+-------+-------++-------
Melee: War axe           |    70 |     3 ||    73
  Use: Scroll            |     5 |       ||     5
       Potion            |     1 |       ||     1
Armor: Scale mail        |    31 |     2 ||    33
Dodge: Dodged            |    48 |     8 ||    56
Block: Buckler           |    17 |     2 ||    19
